 Dungeon Crawl Stone Soup version 0.32-a0-599-gba8f9cf90e (webtiles) character file.

Game seed: 7052902880000611606

0 ragingrage the Sneak (level 1, -1/18 HPs)
             Began as a Formicid Delver on Mar 3, 2024.
             Was an Initiate of Ru.
             Killed from afar by Sigmund (6 damage)
             ... with a magic dart
             ... on level 4 of the Dungeon.
             The game lasted 00:01:19 (542 turns).

ragingrage the Sneak (Formicid Delver)               Turns: 542, Time: 00:01:20

Health: -1/18      AC:  3    Str: 22    XL:     1   Next: 11%
Magic:  1/1        EV: 12    Int:  9    God:    Ru [......]
Gold:   38         SH:  0    Dex: 15    Spells: 0/0 levels left

rFire   . . .        a - +0 short sword
rCold   . . .        (no shield)
rNeg    . . .        b - +0 leather armour
rPois   .            (helmet unavailable)
rElec   .            (no cloak)
rCorr   .            (no gloves)
SInv    +            (no boots)
Will    .....        (no amulet)
Stlth   +++          h - +6 ring of strength
HPRegen 0.23/turn    (no ring)
MPRegen 0.07/turn

%: no passive effects
@: no status effects
A: permanent stasis, dig shafts and tunnels, antennae 3, four strong arms
a: Dig, Shaft Self, Renounce Religion


You were on level 4 of the Dungeon.
You worshipped Ru.
Ru was noncommittal.
You visited 2 branches of the dungeon, and saw 5 of its levels.

You collected 38 gold pieces.

Inventory:

Hand Weapons
 a - a +0 short sword (weapon)
Missiles
 e - 3 poisoned darts
Armour
 b - a +0 leather armour (worn)
Jewellery
 h - a +6 ring of strength (left hand)
Wands
 f - a wand of digging (3)
Scrolls
 c - a scroll of fog
 d - a scroll of revelation
 g - a scroll of identify {unknown}
Potions
 i - a potion of lignification {unknown}
 j - a potion of ambrosia {unknown}


   Skills:
 - Level 3.2 Fighting
 + Level 2.0 Short Blades
 - Level 1.7 Dodging
 - Level 6.0 Stealth


You couldn't memorise any spells.
You didn't know any spells.
Your spell library was empty.

Dungeon Overview and Level Annotations

Branches:
Dungeon (7/15)             Temple (1/1) D:5

Altars:
Ashenzari
Cheibriados
Dithmenos
Elyvilon
Fedhas
Gozag
Hepliaklqana
Nemelex Xobeh
Okawaru
Qazlal
Ru
Sif Muna
Trog
Uskayaw
Vehumet
Wu Jian
Xom
Yredelemnul
Zin
The Shining One

Annotations:
D:4 Sigmund


Innate Abilities, Weirdness & Mutations

You cannot be hasted, slowed, berserked, paralysed or teleported.
You can dig through walls and to a lower floor.
You have a pair of large antennae on your head. (SInv)
Your four strong arms can wield two-handed weapons with a shield.


Message History

You open the door.
There is an open door here.
There is an open door here.
You open the door.
A black bear comes into view.
Found a stone staircase leading up.
There is a stone staircase leading up here.
You climb upwards.
You hear the hiss of flowing sand.
There is an entrance to an ossuary on this level.
Hurry and find it before the portal is buried!
There is a stone staircase leading down here.
Unknown command.
Unknown command.
A ball python comes into view.
The helpless ball python fails to defend itself.
You impale the ball python!!
You kill the ball python!
You now have 38 gold pieces (gained 6).
You sense a monster nearby.
Sigmund the Dreaded comes into view.
He is wielding a +0 scythe.
The helpless Sigmund fails to defend himself.
You impale Sigmund!! Sigmund closely misses you.
You barely miss Sigmund.
Sigmund says, "Look into my eyes."
Sigmund gestures at you while chanting. The magic dart hits you!
Ouch! That really hurt!
You hit Sigmund. Sigmund misses you.
You closely miss Sigmund. You hit Sigmund. Sigmund misses you.
You barely miss Sigmund. You hit Sigmund. Sigmund hits you with a +0 scythe.
* * * LOW HITPOINT WARNING * * *
You barely miss Sigmund.
Sigmund giggles. "Time to reap what you sow."
Sigmund points at you and mumbles some strange words.
The magic dart hits you.
You die...
Sigmund begins carving another notch in his scythe.
Ru respects your ultimate sacrifice.

#########........
#................>
#.########.#####.#
#.# ##.## #.# #.#
###...####.# #.#
#..........# #.#
#.#...###..# #@#
#.##.## #..# #@#
##.##.# #..#
#.####.#.#.# #..#
#.....###..#
######.#.### ##.##
#.# #.# #.# #..


You could see Sigmund.

Vanquished Creatures
  A ball python (D:4)
1 creature vanquished.

Notes
Turn   | Place    | Note
-------+----------+-------------------------------------------
     0 | D:5      | ragingrage the Formicid Delver began the quest for the Orb.
     0 | D:5      | Reached XP level 1. HP: 18/18 MP: 1/1
   177 | D:5      | Noticed a jelly
   242 | D:7      | Noticed a wight
   242 | D:7      | Noticed a howler monkey
   242 | D:7      | Noticed an orc wizard
   242 | D:7      | Found a radiant altar of Vehumet.
   243 | D:7      | Noticed a wight
   251 | D:6      | Noticed a black bear
   315 | D:6      | Noticed a troll
   346 | D:5      | Found a staircase to the Ecumenical Temple.
   365 | Temple   | Found a transporter.
   365 | Temple   | Found a transporter.
   365 | Temple   | Found a transporter.
   365 | Temple   | Found a transporter.
   365 | Temple   | Entered the Ecumenical Temple
   395 | Temple   | Became a worshipper of Ru the Awakened
   466 | D:5      | Noticed a black bear
   532 | D:4      | Noticed Sigmund
   542 | D:4      | Killed from afar by Sigmund

Illustrated notes

Levels and vault maps discovered:
D:4:      cheibrodos_helix_gallery, layout_loops_ring,
          mainiacjoe_ossuary_entry_find_the_door, uniq_sigmund, uniq_pikel,
          uniq_edmund, uniq_eustachio
D:5:      layout_gridville, minmay_temple_entry_statues_pillars, minivault_1
D:6:      layout_basic, minmay_misc_feat_diagonals, lexackson_kobold_supper
D:7:      layout_basic, fiery_altar_vehumet, chequers_serial_rivers_large_b,
          minmay_misc_feat_plants, st_stairs_7, grunt_decor_one_mirror,
          nrook_mini_backslash, minmay_misc_feat_doors
Temple:   hellmonk_temple_divided_pantheon

Action                     || total
---------------------------++-------
  Melee: Short sword       ||    10
    Use: Scroll            ||     1
   Stab: Sleeping          ||     2
 Armour: Leather armour    ||     4
  Dodge: Dodged            ||     5

Table legend: (Time is in decaauts)
 A = Elapsed time spent in this place.
 B = Non-inter-level travel time spent in this place.
 C = Inter-level travel time spent in this place.
 D = Time resting spent in this place.
 E = Time spent auto-exploring this place.
 F = Levels seen in this place.
 G = Mean time per level.
                   A        B        C        D        E       F      G
               +--------+--------+--------+--------+--------+-----+--------+
         Total |    541 |    427 |    114 |      0 |    240 |   5 |  108.2 |
       Dungeon |    494 |    408 |     86 |      0 |    240 |   4 |  123.5 |
        Temple |     46 |     18 |     28 |      0 |      0 |   1 |   46.0 |
               +--------+--------+--------+--------+--------+-----+--------+

Top non-repeatable levels by time:
     D:6: 285 daAuts
     D:5: 162 daAuts
  Temple: 46 daAuts
     D:4: 45 daAuts
     D:7: 1 daAuts
